[Event "*** Titled Tuesday Blitz"]
[Site "Chess.com"]
[Date "2020.12.01"]
[Round "6"]
[White "vladgoncharov"]
[Black "mbojan"]
[Result "1-0"]
[WhiteElo "2479"]
[BlackElo "2654"]
[TimeControl "180+1"]
[EndTime "11:06:01 PST"]
[Termination "vladgoncharov won on time"]

1. d4 g6 2. e4 Bg7 3. Nc3 d6 4. Be3 a6 5. Qd2 b5 6. f3 Nd7 7. a4 b4 8. Nd1 c5 9. c3 Bb7 10. cxb4 cxd4 11. Bxd4 Ngf6 12. Nc3 O-O 13. Bc4 Rc8 14. Bb3 a5 15. bxa5 Nc5 16. Bc2 Qxa5 17. Nb5 Qa8 18. Ne2 Ne6 19. Bc3 Ba6 20. O-O Bxb5 21.
axb5 Qb7 22. Bd3 Nc5 23. b4 Nb3 24. Qb2 Nxa1 25. Rxa1 Ra8 26. Ra5 Rac8 27. Bd4 Nh5 28. Bxg7 Nxg7 29. Qd4 Ne6 30. Qe3 Rb8 31. Kf2 Qb6 32.
Qxb6 Rxb6 33. Ra7 Re8 34. Nc3 Nd8 35. Nd5 Rb7 36. b6 Kf8 37. Ba6 Rxa7 38. bxa7 Nc6 39. Bb5 Nxa7 40. Bxe8 Kxe8 41. Ke3 Kd7 42. Kd4 h5 43.
Ne3 Nb5+ 44. Kc4 Na3+ 45. Kd3 Nb5 46. g4 hxg4 47. fxg4 g5 48. Nf5 f6 49. Nd4 Nc7 50. Kc4 Na8 51. b5 Nb6+ 52. Kb4 Kc7 53. Nf5 e6 54.
Ne3 d5 55. exd5 exd5 56. Kc5 Nd7+ 57. Kxd5 Kb6 58. Ke6 Nc5+ 59. Kxf6 Ne4+ 60. Kf5 Nd2 61. Nf1 Nf3 62. Ke4 1-0

[Event "*** Titled Tuesday Blitz"]
[Site "Chess.com"]
[Date "2020.12.01"]
[Round "6"]
[White "Colombiano07"]
[Black "zala02"]
[Result "1-0"]
[WhiteElo "2292"]
[BlackElo "2156"]
[TimeControl "180+1"]
[EndTime "11:06:01 PST"]
[Termination "Colombiano07 won by resignation"]

1. d4 Nf6 2. Nf3 d5 3. e3 e6 4.
Bd3 c5 5. b3 Nc6 6. Bb2 b6 7.
O-O Bb7 8. a3 Bd6 9. Nbd2 O-O 10.
Ne5 Ne7 11. Qf3 Qc7 12. Qh3 a6 13. Rac1 b5 14. c4 dxc4 15. bxc4 b4 16. axb4 cxb4 17. f4 Nf5 18. e4 Nh6 19. c5 Bxe5 20. fxe5 Nfg4 21.
Rf4 a5 22. Rxg4 Nxg4 23. Qxg4 a4 24. d5 a3 25. Bd4 exd5 26. c6 Bc8 27. Qg3 Be6 28.
Bc5 Rfc8 29. Bd6 Qb6+ 30. Kh1 b3 31. exd5 b2 32. Rf1 Bxd5 33. Nc4 Qb3 34. Bxh7+ Kxh7 35. Qxb3 Bxc4 36. Qxc4 a2 37. Qc2+ Kg8 38. Qxb2 Rxc6 39. h3 Rca6 40. Ra1 Ra4 41. Kh2 R4a6 42. Bc5 Ra5 43.
Bd4 Ra4 44. e6 f6 45. Bxf6 gxf6 46. Qxf6 R4a7 47. Qg6+ Kf8 48. h4 Ke7 49. h5 Ra6 50. h6 Rxe6 51. Qg7+ Kd6 52. Qd4+ Ke7 53. Qb4+ Kf6 54.
Qb2+ Ke7 55. Rxa2 Rxh6+ 56. Kg1 Rd8 57. Ra7+ Rd7 58. Rxd7+ Kxd7 59. Qg7+ Ke8 60. Qxh6 1-0

[Event "*** Titled Tuesday Blitz"]
[Site "Chess.com"]
[Date "2020.12.01"]
[Round "6"]
[White "Nikolakis2014"]
[Black "ChessWarrior7197"]
[Result "1/2-1/2"]
[WhiteElo "2721"]
[BlackElo "2975"]
[TimeControl "180+1"]
[EndTime "11:06:03 PST"]
[Termination "Game drawn by agreement"]

1. Nf3 d5 2. d4 Nf6 3. c4 e6 4.
g3 Bd6 5. Qc2 O-O 6. Bg2 Nc6 7.
O-O b6 8. Nc3 dxc4 9. Bg5 h6 10.
Bxf6 Qxf6 11. Ne4 Qg6 12. Nh4 Qh5 13. Qxc4 Na5 14. Qd3 Bb7 15. Bf3 Bxe4 16. Bxe4 Rad8 17. f4 f5 18. Bf3 Qe8 19. e3 c5 20. Kh1 cxd4 21. exd4 Bc5 22. d5 g5 23. fxg5 hxg5 24. Qd2 gxh4 25. b4 Be7 26. bxa5 hxg3 27. Rg1 Bd6 28.
Qg5+ Kh7 29. Qh4+ Kg7 30. Rxg3+ Bxg3 31. Rg1 f4 32. hxg3 Rh8 33. gxf4+ Qg6 34. Bh5 Qxg1+ 35.
Kxg1 Rxd5 36. Qe7+ Kh6 37. Qf6+ Kxh5 38. Qxh8+ Kg4 39.
Qf6 Rxa5 40. Qxe6+ Kxf4 41. Qb3 Ke4 42. Qc4+ Ke5 43.
Qb3 Kd6 44. Qc4 Rc5 45. Qb3 Kc7 46. Kf2 Kb7 47. Ke3 a5 48. Kd4 Ka7 49. Qf7+ Kb8 50. Qf8+ Kb7 51. Qe7+ Kb8 52. Qf8+ Kb7 53. a4 Ka7 54.
Qxc5 bxc5+ 55. Kxc5 Kb7 56. Kb5 Ka7 57. Kxa5 Kb7 1/2-1/2

[Event "*** Titled Tuesday Blitz"]
[Site "Chess.com"]
[Date "2020.12.01"]
[Round "6"]
[White "JustWatch000"]
[Black "Karacsonyi_Gellert"]
[Result "0-1"]
[WhiteElo "2442"]
[BlackElo "2668"]
[TimeControl "180+1"]
[EndTime "11:06:03 PST"]
[Termination "Karacsonyi_Gellert won by resignation"]

1. e4 c5 2. Nf3 Nc6 3. Bb5 g6 4.
O-O Bg7 5. Re1 e5 6. c3 Nge7 7.
d4 cxd4 8. cxd4 a6 9. Bxc6 Nxc6 10.
dxe5 O-O 11. Nc3 Nxe5 12. Nxe5 Bxe5 13. f4 Bg7 14. e5 Re8 15. Be3 b5 16. a4 Bb7 17. axb5 axb5 18. Nxb5 Rxa1 19. Qxa1 Qh4 20. Nd6 Ra8 21. Qd1 Bc6 22. Qe2 Bf8 23. b4 Bxd6 24. exd6 Ra2 25. Bf2 Rxe2 26. Bxh4 Rxg2+ 27. Kf1 Kg7 28. Rc1 Rd2 29. Be7 Bb5+ 30. Kg1 Rd4 31. Rb1 Rxf4 32. Rb2 Rg4+ 33. Kf2 f5 34. h3 Re4 35. h4 Kf7 36. Kf3 Rc4 37. Rb3 Ke6 38. Re3+ Kd5 39. Rb3 Re4 40. Rb2 Kc4 41. Rb1 Bc6 42.
Kg3 Kb5 43. Rb2 Rg4+ 44. Kh3 h5 45. Rb1 f4 46. Rb3 f3 47. Rb2 Bd5 48. Kh2 Bc4 49. Bg5 Be2 50. Be3 Rxh4+ 51. Kg3 Rxb4 52. Rxb4+ Kxb4 53. Kf2 Kc4 54. Bf4 Kd5 55. Bh2 g5 56. Bg3 Ke4 57. Bh2 h4 58. Kg1 g4 59. Kh1 f2 60.
Bg1 fxg1=Q+ 0-1

[Event "*** Titled Tuesday Blitz"]
[Site "Chess.com"]
[Date "2020.12.01"]
[Round "6"]
[White "dpopadic"]
[Black "NMZanette"]
[Result "1-0"]
[WhiteElo "2402"]
[BlackElo "2252"]
[TimeControl "180+1"]
[EndTime "11:06:04 PST"]
[Termination "dpopadic won on time"]

1. e4 e5 2. Nf3 Nc6 3. Bb5 a6 4.
Ba4 Nf6 5. O-O Nxe4 6. d4 b5 7. Bb3 d5 8. dxe5 Be6 9. Nbd2 Nc5 10. c3 Bg4 11. Re1 Nd3 12. Re3 Nxc1 13. Rxc1 Bc5 14.
Re1 O-O 15. Nf1 Ne7 16. h3 Be6 17. Ne3 Bxe3 18. Rxe3 h6 19. Bc2 c5 20. Qd2 Qd7 21. Rd1 Rfd8 22. Ree1 Rac8 23. Bb1 Bf5 24. Bxf5 Qxf5 25.
Qe3 Ng6 26. Rd2 Qf4 27. g3 Qxe3 28. Rxe3 Rc7 29. Red3 Rcd7 30. h4 Kf8 31. h5 Ne7 32. Nh4 g5 33. hxg6 fxg6 34. Rf3+ Kg7 35. Rf6 g5 36. Nf3 Rf8 37. Rxf8 Kxf8 38. Nh2 Kf7 39. Kg2 Ke6 40. f4 gxf4 41. gxf4 Nf5 42. Ng4 Rg7 43. Kf3 h5 44. Nf6 Rg3+ 45. Kf2 d4 46. cxd4 cxd4 47. Rxd4 Rh3 48. Rd2 h4 49. Ne4 Rh2+ 50. Kf3 Rxd2 51. Nxd2 Nd4+ 52. Kg4 Nf5 53. Nf3 Ne3+ 54. Kxh4 Kf5 55.
Kg3 Nf1+ 56. Kf2 1-0

[Event "*** Titled Tuesday Blitz"]
[Site "Chess.com"]
[Date "2020.12.01"]
[Round "6"]
[White "KetiTsatsalashvili"]
[Black "Vandros57"]
[Result "0-1"]
[WhiteElo "2322"]
[BlackElo "2168"]
[TimeControl "180+1"]
[EndTime "11:06:05 PST"]
[Termination "Vandros57 won by checkmate"]

1. d4 d5 2. Nf3 Nf6 3. g3 Bg4 4.
Bg2 Bxf3 5. Bxf3 e6 6. O-O Be7 7. c4 c6 8. b3 O-O 9. Bb2 Nbd7 10. Nd2 a5 11. Qc2 Qb6 12. h4 h6 13. Bg2 Rac8 14. c5 Qa6 15. Rfe1 b6 16. cxb6 Qxb6 17. e3 Bb4 18. Rec1 Bxd2 19. Qxd2 c5 20. Ba3 Ne4 21. Bxe4 dxe4 22. Qc2 cxd4 23. Qxe4 dxe3 24. Qxe3 Qxe3 25. fxe3 Rxc1+ 26. Rxc1 Ra8 27. Rc7 Nf6 28. Bc5 Nd5 29. Rb7 h5 30. Kf2 Rc8 31. Bd4 Rc2+ 32. Kf3 Rxa2 33.
Ra7 Ra3 34. Ke4 f6 35. Ra8+ Kf7 36. Ra7+ Kg6 37. Bc5 Rxb3 38. Rxa5 Nc3+ 39. Kf3 Rb1 40. Ra7 Rf1+ 41. Kg2 Rf5 42. Bf8 Kh7 43. Rxg7+ Kh8 44.
Rc7 Ne4 45. Rc8 Kh7 46. Rc7+ Kg8 47. Ba3 Rf2+ 48. Kg1 Ra2 49. Bc5 Nxg3 50. Bd6 Nf5 51. Bf4 Nxh4 52. Rc8+ Kf7 53. Rc7+ Kg6 54. Rc6 Kf5 55. Rc5+ e5 56. Bh6 Nf3+ 57. Kf1 Kg4 58. Bg7 Kg3 59. Bxf6 Rf2# 0-1

[Event "*** Titled Tuesday Blitz"]
[Site "Chess.com"]
[Date "2020.12.01"]
[Round "6"]
[White "Duhless"]
[Black "exoticprincess"]
[Result "1/2-1/2"]
[WhiteElo "3003"]
[BlackElo "2914"]
[TimeControl "180+1"]
[EndTime "11:06:07 PST"]
[Termination "Game drawn by agreement"]

1. d4 d5 2. Nf3 c6 3. c4 Nf6 4. Nc3 dxc4 5. e4 Bg4 6. Bxc4 e6 7. Be3 Nbd7 8. O-O Be7 9. Be2 O-O 10. Qc2 Bh5 11. Rfd1 Rc8 12. Rac1 Bg6 13. h3 Nd5 14. Bd3 Nb4 15. Qe2 Nxd3 16. Rxd3 Qa5 17. Bf4 Qa6 18. Qe3 Rfe8 19. Rdd1 h6 20. Ne5 Nxe5 21. Bxe5 Bf8 22. Qg3 Qb6 23. h4 Kh7 24. Rd2 h5 25. Bf4 Red8 26.
Rcd1 Rd7 27. Be3 Qa5 28. a3 Rcd8 29. f3 Be7 30. Qf2 Bf6 31. Ne2 e5 32. Nc3 exd4 33.
Bxd4 Be7 34. Ne2 Qa4 35. Kh2 f6 36. Nc3 Qa6 37. Be3 Rxd2 38. Rxd2 Rxd2 39. Qxd2 c5 40. Bf4 Qe6 41. Qd5 Qxd5 42. Nxd5 Bd8 43. Bb8 a6 44. Kg3 Bf7 45. Kf4 b5 46. Ke3 g5 47.
hxg5 fxg5 48. Bd6 c4 49. Kd4 h4 50. Nc7 Bxc7 51. Bxc7 Kg6 52. Bd8 Be6 53. Ke3 h3 54. gxh3 Bxh3 55. f4 gxf4+ 56. Kxf4 Kf7 57. Ke5 Bg2 58.
Bg5 Ke8 59. Kd5 Kd7 60. Bf4 1/2-1/2

[Event "*** Titled Tuesday Blitz"]
[Site "Chess.com"]
[Date "2020.12.01"]
[Round "6"]
[White "Manukyan_Artak"]
[Black "Jungle_Jaguar"]
[Result "1/2-1/2"]
[WhiteElo "2367"]
[BlackElo "2541"]
[TimeControl "180+1"]
[EndTime "11:06:07 PST"]
[Termination "Game drawn - insufficient material"]

1. e4 c5 2. Nf3 d6 3. Bb5+ Nd7 4. O-O a6 5. Bd3 g6 6. a4 Bg7 7. c3 Ne5 8. Be2 Nf6 9. d4 Nxf3+ 10. Bxf3 O-O 11.
Bg5 h6 12. Bh4 g5 13. Bg3 g4 14. e5 gxf3 15. exf6 fxg2 16. Kxg2 Bxf6 17. dxc5 dxc5 18.
Qxd8 Rxd8 19. Na3 Be6 20. Rfd1 Bb3 21. Rxd8+ Rxd8 22. a5 Rd2 23. Rb1 e5 24. Kf3 Ba2 25.
Re1 Rxb2 26. Bxe5 Bxe5 27. Rxe5 Rb3 28. Nc4 Rxc3+ 29. Ne3 Be6 30. Ke2 c4 31. f4 Rc1 32.
f5 Bd7 33. Rc5 c3 34. Nd5 Bb5+ 35. Ke3 c2 36. Kd2 Rh1 37. Kxc2 Rxh2+ 38. Kc3 Kg7 39. Rc7 Bc6 40. f6+ Kg6 41. Ne7+ Kxf6 42. Nxc6 bxc6 43.
Rxc6+ Kg5 44. Rxa6 f5 45. Ra8 Kf4 46. Kb3 Rh1 47. Kb2 Rd1 48. a6 Rd6 49. Kc3 h5 50. Kc4 h4 51. Kb5 Rh6 52. a7 Rh7 53. Kb6 h3 54. Rc8 Rxa7 55. Kxa7 h2 56. Rc1 Kg3 57.
Kb6 f4 58. Kc5 f3 59. Kd4 f2 60. Ke3 Kg2 61. Ke2 h1=Q 62. Rxh1 Kxh1 63. Kxf2 1/2-1/2

[Event "*** Titled Tuesday Blitz"]
[Site "Chess.com"]
[Date "2020.12.01"]
[Round "6"]
[White "Chernov_Mikhail"]
[Black "dopolian"]
[Result "0-1"]
[WhiteElo "2299"]
[BlackElo "2431"]
[TimeControl "180+1"]
[EndTime "11:06:09 PST"]
[Termination "dopolian won by resignation"]

1. e4 b6 2. d4 Bb7 3. Bd3 e6 4. Nf3 Nf6 5. Qe2 d5 6. e5 Ne4 7. O-O c5 8. c3 Nd7 9. Nbd2 Nxd2 10. Bxd2 Be7 11. Rae1 Qc7 12. a3 O-O-O 13. Bg5 Nf8 14. Bxe7 Qxe7 15. dxc5 bxc5 16. b4 Nd7 17. bxc5 Qxc5 18.
Nd4 Nb6 19. Rb1 Kb8 20. a4 Qxc3 21. Nb5 Qa5 22. Nd6 Rd7 23. Bb5 Rc7 24. Rfc1 Rxc1+ 25. Rxc1 d4 26. Qc2 Nd5 27. Nxb7 Kxb7 28. Qc6+ Kb8 29. Ba6 Qc7 30. Qb5+ Qb6 31. Qf1 Nc3 32. a5 Qxa5 33. Ra1 Qb6 34. h3 Rd8 35. Qd3 g6 36. Kh2 Rd5 37. Bc4 Rxe5 38. Ra3 Ka8 39. Rb3 Qc6 40. Ba6 Rd5 41. Bb7+ Qxb7 42. Rxb7 Kxb7 43. h4 h5 44. Qc4 Nb5 45. Qb4 d3 46. Qd2 Nd6 47. f3 Kc7 48.
Kg3 Nc4 49. Qc3 d2 50. Qxc4+ Kd7 51. Qa4+ Ke7 52. Qd1 a5 53. Kf2 a4 54. Ke2 a3 55.
g4 a2 56. Qa1 d1=Q+ 57. Qxd1 Rxd1 58. Kxd1 a1=Q+ 59. Ke2 hxg4 60. Ke3 0-1

[Event "*** Titled Tuesday Blitz"]
[Site "Chess.com"]
[Date "2020.12.01"]
[Round "6"]
[White "Man-Chuk"]
[Black "AvitalBor"]
[Result "1-0"]
[WhiteElo "2869"]
[BlackElo "2682"]
[TimeControl "180+1"]
[EndTime "11:06:10 PST"]
[Termination "Man-Chuk won by resignation"]

1. c4 b6 2. Nc3 Bb7 3. d4 e6 4.
Nf3 Bb4 5. Bd2 f5 6. g3 Nf6 7.
Bg2 O-O 8. O-O Qe7 9. Rc1 d6 10. Nb5 Bxd2 11. Qxd2 Ne4 12. Qe3 a6 13. Nc3 Nd7 14.
Ng5 Nxg5 15. Bxb7 Rab8 16. Bg2 Qf6 17. f4 Nf7 18. Qd3 h6 19. e4 c5 20. e5 Qe7 21.
exd6 Qxd6 22. Rfd1 Rbd8 23. Qe3 Rfe8 24. Bf3 Qc7 25.
Qf2 Nf6 26. dxc5 bxc5 27. Rxd8 Rxd8 28. Re1 Rd6 29. Qe3 Nd7 30. b3 Qa5 31. Re2 Qa3 32. Kg2 g6 33. Rd2 Qa5 34. Rxd6 Nxd6 35. Qxe6+ Nf7 36. Qxg6+ Kf8 37. Bd5 Nd8 38. Qxh6+ Ke7 39. Qg7+ Kd6 40. h4 Qa3 41. Ne2 Qxa2 42. Kf2 Qd2 43.
h5 Ne6 44. Bxe6 Kxe6 45. Qg8+ Ke7 46. Qg7+ Ke6 47. h6 Nf6 48. Qg6 Qd3 49. h7 Ke7 50.
Qxf6+ Kxf6 51. h8=Q+ Ke6 52. Qe5+ Kf7 53. Qd5+ Qxd5 54.
cxd5 a5 55. Nc3 Ke7 56. Ke3 Kd6 57. Kd3 a4 58. bxa4 1-0

[Event "*** Titled Tuesday Blitz"]
[Site "Chess.com"]
[Date "2020.12.01"]
[Round "6"]
[White "Ze-Pequeno"]
[Black "ShahMatKanal"]
[Result "0-1"]
[WhiteElo "2181"]
[BlackElo "2484"]
[TimeControl "180+1"]
[EndTime "11:06:12 PST"]
[Termination "ShahMatKanal won on time"]

1. e4 c5 2. Nf3 Nc6 3. d4 cxd4 4. Nxd4 e5 5. Nb5 a6 6. Nd6+ Bxd6 7.
Qxd6 Qf6 8. Qd1 Qg6 9. Nc3 Nf6 10. Qd6 Ng8 11. Qxg6 hxg6 12. Be3 Nge7 13. O-O-O f5 14. f3 f4 15. Bf2 g5 16. Be2 Rh6 17. h3 d6 18. Rd2 Bd7 19. Rhd1 Nc8 20. Nd5 Kf7 21.
c4 Rb8 22. b4 b5 23. c5 dxc5 24. Bxc5 Be6 25. a3 Rh8 26. Nc7 Bb3 27. Re1 Nb6 28.
Nxa6 Rb7 29. Bxb5 Rc8 30. Kb2 Be6 31. Rc1 Na7 32. Be2 Na4+ 33. Ka1 Nb5 34. Bxb5 Rxb5 35. Rdc2 Bb3 36. Rd2 Rb7 37. Rd6 Be6 38. Rcd1 Ra8 39. Rxe6 Kxe6 40. Rd6+ Kf7 41. Rc6 Nxc5 42. Nxc5 Rxa3+ 43. Kb2 Rba7 44. Nb3 Ra2+ 45. Kc3 Rxg2 46. Rc5 Rf2 47.
Rxe5 Rxf3+ 48. Kc4 Rc7+ 49. Nc5 Rf1 50. Rxg5 f3 51.
Rf5+ Kg6 52. b5 Rc1+ 53. Kd4 R1xc5 54. Rxf3 Rxb5 55. Rg3+ Kh7 56. Rg5 Rxg5 57. h4 Rg4 0-1

[Event "*** Titled Tuesday Blitz"]
[Site "Chess.com"]
[Date "2020.12.01"]
[Round "6"]
[White "anasta10"]
[Black "Michaelson_11"]
[Result "1-0"]
[WhiteElo "2436"]
[BlackElo "2175"]
[TimeControl "180+1"]
[EndTime "11:06:13 PST"]
[Termination "anasta10 won by resignation"]

1. d4 Nf6 2. c4 g6 3. Nc3 Bg7 4. e4 O-O 5. Bd3 d6 6. Nge2 e5 7. d5 Nbd7 8. O-O Nc5 9. Bc2 a5 10. Kh1 Nh5 11. f3 f5 12. exf5 gxf5 13. Be3 f4 14. Bg1 Qh4 15. Qe1 Qg5 16. Ne4 Nxe4 17. Bxe4 Rf6 18. g4 fxg3 19. Nxg3 Nf4 20. Be3 Rh6 21.
Qf2 Qh4 22. Nf5 Bxf5 23. Qxh4 Rxh4 24. Bxf5 Rf8 25. Be4 Ng6 26. a3 a4 27. Rab1 Ra8 28. c5 dxc5 29. Bxc5 Ra6 30. Rbc1 Bh6 31. Rc2 Bf4 32. Bg1 Nf8 33. Rxc7 Rah6 34. Rc2 Kf7 35. Rd1 Ke7 36. d6+ Rxd6 37. Bc5 Ne6 38. Bxd6+ Kf6 39. Bxb7 Nd4 40. Rxd4 exd4 41. Bxf4 Rxf4 42. Be4 Ke5 43.
Rc5+ Ke6 44. Rc4 d3 45. Bxd3 Rxf3 46. Bxh7 Rf2 47. Rb4 Rd2 48. Be4 Ke5 49. Bc6 Rc2 50.
Bxa4 Rd2 51. Bb5 Kd5 52. a4 Kc5 53. Rb3 Rc2 54. Kg1 Rd2 55. a5 Rc2 56. Rc3+ Rxc3 57.
bxc3 Kxb5 58. h4 Kxa5 59. h5 Kb5 60. h6 Kc4 61. h7 Kc5 62. h8=Q 1-0

[Event "*** Titled Tuesday Blitz"]
[Site "Chess.com"]
[Date "2020.12.01"]
[Round "6"]
[White "RaphCamora"]
[Black "queen_iryna"]
[Result "1/2-1/2"]
[WhiteElo "2430"]
[BlackElo "2317"]
[TimeControl "180+1"]
[EndTime "11:06:13 PST"]
[Termination "Game drawn by agreement"]

1. e4 d6 2. d4 Nf6 3. Nc3 g6 4. f4 Bg7 5. Nf3 O-O 6. Be3 b6 7.
Qd2 Bb7 8. Bd3 c5 9. d5 a6 10. a4 e6 11. dxe6 fxe6 12. O-O d5 13. e5 Ng4 14. Bf2 Nxf2 15. Rxf2 Nd7 16. Raf1 Qe7 17. Ng5 Rad8 18. b3 c4 19. Be2 d4 20. Qxd4 Nxe5 21. Qxb6 cxb3 22. fxe5 Qxg5 23. Qxb7 Rxf2 24. Rxf2 bxc2 25. Na2 c1=Q+ 26. Nxc1 Qxc1+ 27. Bf1 Bxe5 28. Qe7 Qc7 29. Qxe6+ Kh8 30. Rf7 Qc5+ 31. Kh1 Qd6 32. Qh3 h5 33. Qf3 Kg8 34. Qb7 Rf8 35. Rxf8+ Kxf8 36. Qc8+ Kg7 37. Qxa6 Qxa6 38. Bxa6 Bd4 39. Bb5 Kf6 40. g3 g5 41. Kg2 h4 42. gxh4 gxh4 43.
Kh3 Kg7 44. a5 Kh8 45. a6 Ba7 46. Kxh4 Bb6 47. Kg4 Ba7 48. h4 Bb6 49. Kf5 Ba7 50. Kg6 Bb6 51. Kh5 Ba7 52. Kg4 Bb6 53. Kf5 Ba7 54. Ke6 Bb6 55. Kd5 Ba7 56. Kc6 Bg1 57. Kb7 Bf2 58. Bc4 Bg1 59. Bd5 Bf2 60. Be4 Bg1 61.
Bf5 Bf2 62. h5 Bg1 63. h6 Be3 64. Bg6 Bf2 65. h7 Be3 66. Kc6 Bg1 67. Bb1 Ba7 68. Bd3 Be3 69. Kb7 Bf2 70. Kc6 Bg1 71. a7 Bxa7 72. Kd7 Bd4 1/2-1/2

[Event "*** Titled Tuesday Blitz"]
[Site "Chess.com"]
[Date "2020.12.01"]
[Round "6"]
[White "Srisshhhtea"]
[Black "Agibileg"]
[Result "1-0"]
[WhiteElo "2280"]
[BlackElo "2526"]
[TimeControl "180+1"]
[EndTime "11:06:14 PST"]
[Termination "Srisshhhtea won on time"]

1. e4 c5 2. Nc3 e6 3. Nf3 Nc6 4. d4 cxd4 5. Nxd4 Nf6 6. Ndb5 d6 7. Bf4 e5 8. Bg5 a6 9. Na3 Be6 10. Nc4 Rb8 11. Ne3 Be7 12. Bxf6 Bxf6 13. Bc4 O-O 14. O-O Bg5 15. Ncd5 Ne7 16. Nxe7+ Qxe7 17. Nd5 Bxd5 18. Bxd5 Kh8 19. a4 f5 20. exf5 Rxf5 21.
Ra3 Rbf8 22. Rb3 b6 23. f3 Bf4 24. Rf2 Qd7 25. g3 Bh6 26. Be4 R5f6 27. Kg2 Qxa4 28. Qd3 b5 29. Ra3 Qb4 30. Rxa6 g6 31. c3 Qc5 32.
Rc6 Qe3 33. Qxe3 Bxe3 34. Re2 Bc5 35. b4 Ba7 36. Rd2 Rd8 37. Rd5 Kg7 38. Rxb5 d5 39. Bxd5 Rxd5 40. Rxd5 Rxc6 41. Rd7+ Kh6 42. Rxa7 Rxc3 43. b5 Rc2+ 44. Kh3 Rb2 45. Rb7 Kg5 46. b6 h5 47. Rb8 Kh6 48. b7 Kg7 49. g4 hxg4+ 50.
Kxg4 Rb5 51. h4 Kh7 52. Kg3 Rb2 53. Kh3 Kg7 54. Kg3 Kh7 55. Kg4 Rb5 56. h5 gxh5+ 57. Kxh5 e4+ 58. Kg4 e3 59. Kg3 Rg5+ 60. Kf4 1-0

[Event "*** Titled Tuesday Blitz"]
[Site "Chess.com"]
[Date "2020.12.01"]
[Round "6"]
[White "Ladislav1969"]
[Black "chess94cu"]
[Result "1-0"]
[WhiteElo "2370"]
[BlackElo "2548"]
[TimeControl "180+1"]
[EndTime "11:06:18 PST"]
[Termination "Ladislav1969 won by resignation"]

1. e4 d6 2. d4 Nf6 3. Nc3 Nbd7 4.
f4 e5 5. dxe5 dxe5 6. Nf3 Bb4 7.
fxe5 Nxe4 8. Qd4 Bxc3+ 9. bxc3 Ndc5 10. Ba3 b6 11. Rd1 Qe7 12. Bb5+ Bd7 13. Bxd7+ Qxd7 14. O-O Qc6 15. e6 Nxe6 16. Qe5 f6 17. Nd4 fxe5 18.
Nxc6 Nxc3 19. Rde1 e4 20. Bb2 Nd5 21. Rxe4 Kd7 22.
Ne5+ Kd6 23. Nf7+ Kd7 24. Nxh8 Rxh8 25. Rf7+ Kd6 26. Be5+ Kc6 27. Bxg7 Re8 28. Bf6 a5 29. Re1 a4 30. g4 Kd6 31. g5 c5 32. Rxh7 Ndf4 33.
Rb7 Kc6 34. Re7 Nh3+ 35. Kg2 Nef4+ 36. Kf3 Rg8 37. R1e6+ Nxe6 38. Rxe6+ Kd5 39. Re5+ Kd6 40. Rf5 Ke6 41. Kg4 Ng1 42. h4 a3 43. Re5+ Kf7 44. Re1 b5 45. Kg3 b4 46. Rxg1 c4 47.
Rf1 Kg6 48. Bd4 Re8 49. Rf6+ Kh7 50. Rf7+ Kg6 51. Rf6+ Kh7 52. Rh6+ Kg8 53. Rh8+ Kf7 54. Rxe8 Kxe8 55. g6 Kf8 56. h5 Kg8 57. Kg4 b3 58. cxb3 cxb3 59. axb3 a2 60. h6 a1=Q 61. Bxa1 1-0

[Event "*** Titled Tuesday Blitz"]
[Site "Chess.com"]
[Date "2020.12.01"]
[Round "6"]
[White "GukeshDommaraju"]
[Black "Markov_Mikhail"]
[Result "1-0"]
[WhiteElo "2895"]
[BlackElo "2718"]
[TimeControl "180+1"]
[EndTime "11:06:22 PST"]
[Termination "GukeshDommaraju won on time"]

1. d4 Nf6 2. Nf3 e6 3. Bf4 d5 4. e3 c5 5. Nbd2 Nc6 6. c3 Bd6 7. Bg3 O-O 8. Bb5 Qc7 9. dxc5 Bxg3 10. hxg3 e5 11. b4 e4 12. Nd4 Ne5 13. Be2 Bg4 14.
f3 Nxf3+ 15. N2xf3 Qxg3+ 16. Kd2 exf3 17. gxf3 Bd7 18.
Qg1 Qxg1 19. Raxg1 a5 20. Ra1 Rfe8 21. a3 g6 22. Bd3 h5 23. Nb3 axb4 24. axb4 Kg7 25. Rxa8 Rxa8 26. Na5 Rb8 27. c4 dxc4 28. Bxc4 g5 29. e4 h4 30. e5 Nh5 31. Rg1 Kg6 32.
Ke3 Ng3 33. Bd5 h3 34. Rxg3 h2 35. f4 g4 36. Kf2 b6 37. c6 Be6 38. Be4+ Bf5 39. Rxg4+ Kh5 40. Rg5+ Kh4 41. Rxf5 bxa5 42. bxa5 Rb2+ 43. Ke3 Rb3+ 44. Kd2 Rb4 45. Bh1 Rb1 46. c7 Rxh1 47. c8=Q Rd1+ 48. Kxd1 h1=Q+ 49. Kd2 Qd5+ 50. Ke3 Qb3+ 51. Kd4 Qd1+ 52. Ke3 Qe1+ 53. Kd4 Qd2+ 54. Ke4 Qe2+ 55. Kd5 1-0

[Event "*** Titled Tuesday Blitz"]
[Site "Chess.com"]
[Date "2020.12.01"]
[Round "6"]
[White "Susal_De_Silva"]
[Black "Sanan_Sjugirov"]
[Result "1-0"]
[WhiteElo "2664"]
[BlackElo "2867"]
[TimeControl "180+1"]
[EndTime "11:06:22 PST"]
[Termination "Susal_De_Silva won on time"]

1. e4 c5 2. Nf3 e6 3. d4 cxd4 4.
Nxd4 Nc6 5. Be2 Nf6 6. Nc3 Qc7 7.
O-O a6 8. Be3 Be7 9. a4 O-O 10.
f4 d6 11. Kh1 Nxd4 12. Bxd4 Bd7 13. Qe1 Bc6 14. Qg3 g6 15. Bd3 Nh5 16. Qh3 e5 17.
Be3 Nxf4 18. Bxf4 exf4 19. Rxf4 Bg5 20. Rf3 Qe7 21. Raf1 Kg7 22. Bc4 f6 23. Qg3 Rac8 24. Bd3 Qe5 25. Qf2 Rc7 26. Qb6 Rfc8 27. Nd5 Bxd5 28.
exd5 Qxd5 29. Re1 Qc5 30. Qb3 d5 31. h3 Rd8 32. Rff1 Be3 33. Bxg6 hxg6 34. Rxe3 d4 35.
Ref3 Qxc2 36. Qb6 Qc6 37. Qb3 Rd6 38. Qd3 Qc2 39. Qa3 Rcd7 40. R1f2 Qe4 41. Rf4 Qe5 42.
Qd3 Qe3 43. Qb1 d3 44. R4f3 Qe4 45. Rd2 Rd4 46. Qd1 g5 47. Rf1 b5 48. Rdf2 R4d6 49. Qd2 Qd4 50. Re1 Qd5 51. a5 Re6 52. Ref1 Rde7 53.
Rf3 Rd6 54. Rf5 Qe6 55. R5f3 Qe2 56. Qb4 Red7 57. R3f2 Qe3 58. Qc3 Qe4 59. Rxf6 1-0

[Event "*** Titled Tuesday Blitz"]
[Site "Chess.com"]
[Date "2020.12.01"]
[Round "6"]
[White "Shuvalov"]
[Black "c_r_e_e_p_e_r"]
[Result "1-0"]
[WhiteElo "2438"]
[BlackElo "2306"]
[TimeControl "180+1"]
[EndTime "11:06:22 PST"]
[Termination "Shuvalov won by checkmate"]

1. e4 e5 2. Nf3 Nc6 3. Bc4 Bc5 4. c3 Nf6 5. d4 exd4 6. cxd4 Bb4+ 7. Nc3 Nxe4 8. O-O Bxc3 9. d5 Bf6 10. Re1 O-O 11. Rxe4 Ne7 12. d6 Nf5 13. Bf4 Bxb2 14. Rb1 Ba3 15.
dxc7 Qf6 16. Bg5 Qg6 17. Rg4 d5 18. Ne5 Qe6 19. Qxd5 Qxd5 20. Bxd5 Bd6 21. Nf3 Bxc7 22. Bf6 Kh8 23. Ba1 f6 24. Bxb7 Rb8 25. Rgb4 Bd6 26. R4b3 Be6 27. Rd3 Rf7 28. g4 Rfxb7 29. Rxb7 Rxb7 30.
gxf5 Bxa2 31. Rxd6 Rb1+ 32. Kg2 Rxa1 33. Rd8+ Bg8 34.
Nd4 Ra5 35. Nc6 Rd5 36. Rxg8+ Kxg8 37. Ne7+ Kf7 38. Nxd5 g6 39. fxg6+ hxg6 40. Kf3 Ke6 41. Ke4 f5+ 42. Kd4 g5 43. h3 a5 44. Nb6 Kf6 45. Ke3 Kg6 46. Kf3 Kh5 47. Kg3 f4+ 48. Kg2 Kh4 49. Na4 g4 50. hxg4 Kxg4 51. Nc3 f3+ 52. Kh2 Kf4 53. Kh3 Ke5 54. Kg3 Kd4 55. Na4 Ke4 56. Kg4 Ke5 57. Kxf3 Kf5 58. Ke3 Ke5 59.
f4+ Kf5 60. Kf3 Kf6 61. Ke4 Ke6 62. f5+ Kf6 63. Kf4 Kf7 64. Ke5 Ke7 65. f6+ Kf7 66.
Kf5 Kf8 67. Ke6 Ke8 68. Nc5 Kd8 69. f7 a4 70. f8=Q+ Kc7 71. Qd6+ Kc8 72. Qd7+ Kb8 73. Qb7# 1-0

[Event "*** Titled Tuesday Blitz"]
[Site "Chess.com"]
[Date "2020.12.01"]
[Round "6"]
[White "Sunnika"]
[Black "yourstrulyme"]
[Result "1-0"]
[WhiteElo "2357"]
[BlackElo "2470"]
[TimeControl "180+1"]
[EndTime "11:06:24 PST"]
[Termination "Sunnika won by resignation"]

1. d4 Nf6 2. Nf3 e6 3. Nc3 d5 4. Bf4 a6 5. e3 c5 6. Ne5 b5 7. dxc5 Bxc5 8. Bd3 Bb7 9. O-O Nbd7 10. Qe2 O-O 11. Rad1 Rc8 12. e4 Re8 13. Nxd7 Nxd7 14. e5 f5 15. exf6 Qxf6 16. Bg3 e5 17. Be4 dxe4 18.
Rxd7 Qc6 19. Qg4 Bf8 20. Nd5 Re6 21. Rxb7 Qxd5 22. Qf5 Qxb7 23. Qxe6+ Kh8 24. Bxe5 Rxc2 25. Qe8 Qe7 26. Qb8 Kg8 27. Rd1 Qd7 28. Re1 Qd2 29. Rf1 Rc1 30. g3 Rxf1+ 31. Kxf1 Qd1+ 32. Kg2 Qf3+ 33. Kg1 e3 34. fxe3 Qxe3+ 35. Kg2 Qe2+ 36. Kh3 Qh5+ 37. Kg2 Qe2+ 38. Kh3 h5 39. Bd6 Qf1+ 40.
Kh4 g5+ 41. Kxh5 Qd1+ 42. Kxg5 Qxd6 43. Qxd6 Bxd6 44. Kf6 Bc5 45. Ke6 Bg1 46. h3 Bf2 47. g4 Kf8 48. Kd5 Ke7 49. Kc6 Ke6 50.
Kb7 a5 51. Ka6 a4 52. Kxb5 Bd4 53. b3 a3 54. Kb4 Bb2 55. Kc4 Kf6 56. b4 Kg5 57. b5 Kh4 58. b6 Kxh3 59. Kd5 Kxg4 60. b7 Kf5 61. b8=Q 1-0